TOP OF THE 1ST |
Connetquot Chiefs batting - Pitching for Idaho Falls Chukars : LHP Jorge Mejía
|
Pitching: LHP Jorge Mejía
|
|
Batting: RHB Felipe Córdova
|
0-0: Called Strike 0-1: Ball 1-1: Foul Ball, location: 2F 1-2: Fly out, F9 (Flyball, 9S)
|
Batting: RHB Enrique García
|
0-0: Foul Ball, location: 2F 0-1: SINGLE (Line Drive, 56)
|
Batting: RHB Alfredo Escalante
|
0-0: Called Strike 0-1: Foul Ball, location: 2F 0-2: Ball 1-2: Fly out, F8 (Flyball, 8LS)
|
Batting: RHB Rob McGinnity
|
0-0: Foul Ball, location: 2F 0-1: Ball 1-1: SINGLE (Line Drive, 56D) Enrique García to second
|
Batting: LHB Denis Jerningham
|
0-0: Ball 1-0: Foul Ball, location: 2F 1-1: Called Strike 1-2: Ball 2-2: Strikes out swinging
|
Top of the 1st over - 0 run(s), 2 hit(s), 0 error(s), 2 left on base; Connetquot 0 - Idaho Falls 0 |
BOTTOM OF THE 1ST |
Idaho Falls Chukars batting - Pitching for Connetquot Chiefs : RHP WyDale Curry
|
Pitching: RHP WyDale Curry
|
|
Batting: LHB Juan Rosado
|
0-0: Ball 1-0: Called Strike 1-1: Called Strike 1-2: Ball 2-2: Ground out 4-3 (Groundball, 4M)
|
Batting: SHB Jesús Román
|
0-0: Ball 1-0: Ball 2-0: Fly out, F8 (Flyball, 89D)
|
Batting: SHB Félix Medina
|
0-0: Fly out, F9 (Flyball, 89M)
|
Bottom of the 1st over - 0 run(s), 0 hit(s), 0 error(s), 0 left on base; Connetquot 0 - Idaho Falls 0 |
TOP OF THE 2ND |
Connetquot Chiefs batting - Pitching for Idaho Falls Chukars : LHP Jorge Mejía
|
Batting: RHB Cristián Ramírez
|
0-0: Ball 1-0: Ball 2-0: Ball 3-0: Base on Balls
|
Batting: RHB Júlio Flores
|
0-0: Called Strike 0-1: Foul Ball, location: 2F 0-2: Fielders Choice at 2nd, 6-4 (Groundball, 6)
|
Batting: LHB Jim Unknown
|
0-0: Ball Throwing error on steal attempt, E2 Júlio Flores to third 1-0: Foul Ball, location: 2F 1-1: Foul Ball, location: 2F 1-2: Ball 2-2: Ball 3-2: Strikes out looking
|
Batting: RHB Steve Orwig
|
0-0: Called Strike 0-1: Foul Ball, location: 2F 0-2: Foul Ball, location: 2F 0-2: Foul Ball, location: 2F 0-2: Fly out, F8 (Flyball, 8LM)
|
Top of the 2nd over - 0 run(s), 0 hit(s), 1 error(s), 1 left on base; Connetquot 0 - Idaho Falls 0 |
BOTTOM OF THE 2ND |
Idaho Falls Chukars batting - Pitching for Connetquot Chiefs : RHP WyDale Curry
|
Batting: RHB Scott Ramsey
|
0-0: Ground out 5-3 (Groundball, 56S)
|
Batting: SHB Jorge Colón
|
0-0: Called Strike 0-1: DOUBLE (Line Drive, 8LXD)
|
Batting: RHB León Preciado
|
0-0: Foul Ball, location: 2F 0-1: Fly out, F6 (Popup, 6D)
|
Batting: SHB Shiki Sanu
|
0-0: Ball 1-0: Called Strike 1-1: Foul Ball, location: 2F 1-2: Ball 2-2: Ground out 4-3 (Groundball, 4M)
|
Bottom of the 2nd over - 0 run(s), 1 hit(s), 0 error(s), 1 left on base; Connetquot 0 - Idaho Falls 0 |
TOP OF THE 3RD |
Connetquot Chiefs batting - Pitching for Idaho Falls Chukars : LHP Jorge Mejía
|
Batting: RHB Felipe Córdova
|
0-0: Swinging Strike 0-1: Called Strike 0-2: Ground out 5-3 (Groundball, 5)
|
Batting: RHB Enrique García
|
0-0: Called Strike 0-1: Fly out, F4 (Popup, 3D)
|
Batting: RHB Alfredo Escalante
|
0-0: Ball 1-0: Fly out, F7 (Flyball, 7LM)
|
Top of the 3rd over - 0 run(s), 0 hit(s), 0 error(s), 0 left on base; Connetquot 0 - Idaho Falls 0 |
BOTTOM OF THE 3RD |
Idaho Falls Chukars batting - Pitching for Connetquot Chiefs : RHP WyDale Curry
|
Batting: LHB Jérôme Masson
|
0-0: Ball 1-0: Foul Ball, location: 2F 1-1: SINGLE (Line Drive, 34D)
|
Batting: SHB José López
|
0-0: Ball 1-0: Called Strike 1-1: Called Strike 1-2: DOUBLE (Flyball, 89XD) Jérôme Masson to third
|
Batting: LHB Juan Rosado
|
0-0: Ball 1-0: Ball 2-0: Foul Ball, location: 2F 2-1: Foul Ball, location: 2F 2-2: Fly out, F9 (Flyball, 9) Runner from 3rd tags up, SCORES, no throw
|
Batting: SHB Jesús Román
|
0-0: Called Strike 0-1: Ball 1-1: Ball 2-1: Foul Ball, location: 2F 2-2: Ball 3-2: Base on Balls
|
Batting: SHB Félix Medina
|
0-0: Ball 1-0: Ball 2-0: Ball José López steals 3rd base Jesús Román to second 3-0: Called Strike 3-1: Ground out U3 (Groundball, 34) José López scores Jesús Román to third
|
Batting: RHB Scott Ramsey
|
0-0: Foul Ball, location: 2F 0-1: Foul Ball, location: 2F 0-2: Foul Ball, location: 2F 0-2: Ball 1-2: Ball 2-2: Foul Ball, location: 2F 2-2: Foul Ball, location: 2F 2-2: Ball 3-2: SINGLE (Groundball, 34D) Jesús Román scores
|
Batting: SHB Jorge Colón
|
0-0: SINGLE (Flyball, 7S) Scott Ramsey to second
|
Batting: RHB León Preciado
|
0-0: Called Strike 0-1: Ball 1-1: Ball 2-1: Fly out, F9 (Flyball, 9)
|
Bottom of the 3rd over - 3 run(s), 4 hit(s), 0 error(s), 2 left on base; Connetquot 0 - Idaho Falls 3 |
TOP OF THE 4TH |
Connetquot Chiefs batting - Pitching for Idaho Falls Chukars : LHP Jorge Mejía
|
Batting: RHB Rob McGinnity
|
0-0: Ball 1-0: Ball 2-0: Ground out 6-3 (Groundball, 6)
|
Batting: LHB Denis Jerningham
|
0-0: Ball 1-0: Ground out 6-3 (Groundball, 6D)
|
Batting: RHB Cristián Ramírez
|
0-0: SINGLE (Line Drive, 89S)
|
Batting: RHB Júlio Flores
|
0-0: Called Strike 0-1: Ball 1-1: Ball 2-1: SINGLE (Groundball, 56S) (infield hit) Cristián Ramírez to second
|
Batting: LHB Jim Unknown
|
0-0: Swinging Strike 0-1: Foul Ball, location: 2F 0-2: Strikes out looking
|
Top of the 4th over - 0 run(s), 2 hit(s), 0 error(s), 2 left on base; Connetquot 0 - Idaho Falls 3 |
BOTTOM OF THE 4TH |
Idaho Falls Chukars batting - Pitching for Connetquot Chiefs : RHP WyDale Curry
|
Batting: SHB Shiki Sanu
|
0-0: Fly out, F3 (Popup, 3S)
|
Batting: LHB Jérôme Masson
|
0-0: Ball 1-0: Foul Ball, location: 2F 1-1: Swinging Strike 1-2: Foul Ball, location: 2F 1-2: Fly out, F8 (Flyball, 8RD)
|
Batting: SHB José López
|
0-0: Ball 1-0: Ball 2-0: Called Strike 2-1: Ball 3-1: Called Strike 3-2: Base on Balls
|
Pitching: RHP Carlos Bernard
|
|
Batting: LHB Juan Rosado
|
0-0: Ball José López is caught stealing 2nd base
|
Bottom of the 4th over - 0 run(s), 0 hit(s), 0 error(s), 0 left on base; Connetquot 0 - Idaho Falls 3 |
TOP OF THE 5TH |
Connetquot Chiefs batting - Pitching for Idaho Falls Chukars : LHP Jorge Mejía
|
Batting: RHB Steve Orwig
|
0-0: SOLO HOME RUN (Flyball, 78XD), Distance : 429 ft
|
Batting: RHB Felipe Córdova
|
0-0: Ball 1-0: Ground out 4-3 (Groundball, 4)
|
Batting: RHB Enrique García
|
0-0: Hit by Pitch
|
Batting: RHB Alfredo Escalante
|
0-0: Grounds into double play, 5-4-3 (Groundball, 56)
|
Top of the 5th over - 1 run(s), 1 hit(s), 0 error(s), 0 left on base; Connetquot 1 - Idaho Falls 3 |
BOTTOM OF THE 5TH |
Idaho Falls Chukars batting - Pitching for Connetquot Chiefs : RHP Carlos Bernard
|
Batting: LHB Juan Rosado
|
0-0: Called Strike 0-1: Ball 1-1: Ground out 1-3 (Groundball, 15S)
|
Batting: SHB Jesús Román
|
0-0: Swinging Strike 0-1: Ball 1-1: Called Strike 1-2: Strikes out swinging
|
Batting: SHB Félix Medina
|
0-0: Ball 1-0: Ball 2-0: SOLO HOME RUN (Flyball, 9D), Distance : 389 ft
|
Batting: RHB Scott Ramsey
|
0-0: Ball 1-0: Ball 2-0: Fly out, F9 (Flyball, 89D)
|
Bottom of the 5th over - 1 run(s), 1 hit(s), 0 error(s), 0 left on base; Connetquot 1 - Idaho Falls 4 |
TOP OF THE 6TH |
Connetquot Chiefs batting - Pitching for Idaho Falls Chukars : LHP Jorge Mejía
|
Batting: RHB Rob McGinnity
|
0-0: Ball 1-0: Ground out 6-3 (Groundball, 6)
|
Batting: LHB Denis Jerningham
|
0-0: Ball 1-0: Swinging Strike 1-1: Ball 2-1: Fly out, F9 (Flyball, 9)
|
Batting: RHB Cristián Ramírez
|
0-0: Called Strike 0-1: Swinging Strike 0-2: Foul Ball, location: 2F 0-2: Ball 1-2: Ball 2-2: Strikes out swinging
|
Top of the 6th over - 0 run(s), 0 hit(s), 0 error(s), 0 left on base; Connetquot 1 - Idaho Falls 4 |
BOTTOM OF THE 6TH |
Idaho Falls Chukars batting - Pitching for Connetquot Chiefs : RHP Carlos Bernard
|
Batting: SHB Jorge Colón
|
0-0: Called Strike 0-1: Ball 1-1: Ball 2-1: Ball 3-1: Base on Balls
|
Batting: RHB León Preciado
|
0-0: Ball 1-0: Ball 2-0: Ball 3-0: Called Strike 3-1: Sac Bunt - play at first, batter OUT! 1-4 Jorge Colón to second
|
Batting: SHB Shiki Sanu
|
0-0: Ball 1-0: Called Strike 1-1: Ball 2-1: Ball 3-1: Swinging Strike 3-2: Fly out, F8 (Line Drive, 8LD)
|
Batting: LHB Jérôme Masson
|
0-0: Called Strike 0-1: Ball 1-1: 2-RUN HOME RUN (Flyball, 8LXD), Distance : 432 ft
|
Pitching: RHP Francisco Sánchez
|
|
Batting: SHB José López
|
0-0: Swinging Strike 0-1: Ball 1-1: Swinging Strike 1-2: Foul Ball, location: 2F 1-2: Foul Ball, location: 2F 1-2: Strikes out swinging
|
Bottom of the 6th over - 2 run(s), 1 hit(s), 0 error(s), 0 left on base; Connetquot 1 - Idaho Falls 6 |
TOP OF THE 7TH |
Connetquot Chiefs batting - Pitching for Idaho Falls Chukars : LHP Jorge Mejía
|
Batting: RHB Júlio Flores
|
0-0: Called Strike 0-1: Ball 1-1: Called Strike 1-2: Ball 2-2: Strikes out swinging
|
Batting: LHB Jim Unknown
|
0-0: Foul Ball, location: 2F 0-1: Ball 1-1: Ball 2-1: SINGLE (Line Drive, 78S)
|
Batting: RHB Steve Orwig
|
0-0: Called Strike 0-1: Ball 1-1: Called Strike 1-2: Strikes out swinging
|
Batting: RHB Felipe Córdova
|
0-0: Foul Ball, location: 2F 0-1: Called Strike 0-2: Strikes out swinging
|
Top of the 7th over - 0 run(s), 1 hit(s), 0 error(s), 1 left on base; Connetquot 1 - Idaho Falls 6 |
BOTTOM OF THE 7TH |
Idaho Falls Chukars batting - Pitching for Connetquot Chiefs : RHP Francisco Sánchez
|
Batting: LHB Juan Rosado
|
0-0: Ball 1-0: Fly out, F6 (Popup, 56D)
|
Batting: SHB Jesús Román
|
0-0: Called Strike 0-1: Foul Ball, location: 2F 0-2: Ground out 4-3 (Groundball, 4)
|
Batting: SHB Félix Medina
|
0-0: Ball 1-0: Ball 2-0: Ball 3-0: Foul Ball, location: 2F 3-1: SINGLE (Groundball, 34D)
|
Batting: RHB Scott Ramsey
|
0-0: Called Strike 0-1: Ball 1-1: Swinging Strike 1-2: 2-RUN HOME RUN (Flyball, 7D), Distance : 411 ft
|
Batting: SHB Jorge Colón
|
0-0: Ball 1-0: Called Strike 1-1: Ball 2-1: SINGLE (Line Drive, 34D)
|
Batting: RHB León Preciado
|
0-0: Ball 1-0: Ball 2-0: Ball 3-0: Called Strike 3-1: Swinging Strike 3-2: SINGLE (Line Drive, 56) Jorge Colón to second Jorge Colón to third
|
Batting: SHB Shiki Sanu
|
0-0: Ball 1-0: TRIPLE (Line Drive, 78M) Jorge Colón scores León Preciado scores
|
Pitching: RHP Júlio González
|
|
Batting: LHB Jérôme Masson
|
0-0: Ball 1-0: Called Strike 1-1: Ball 2-1: Fly out, F7 (Flyball, 78M)
|
Bottom of the 7th over - 4 run(s), 5 hit(s), 0 error(s), 1 left on base; Connetquot 1 - Idaho Falls 10 |
TOP OF THE 8TH |
Connetquot Chiefs batting - Pitching for Idaho Falls Chukars : LHP Jorge Mejía
|
Now at C: Jonah Cooney
|
|
Batting: RHB Enrique García
|
0-0: Called Strike 0-1: Foul Ball, location: 2F 0-2: Ball 1-2: Strikes out swinging
|
Batting: RHB Alfredo Escalante
|
0-0: Ball 1-0: Called Strike 1-1: Fly out, F8 (Flyball, 8RS)
|
Batting: RHB Rob McGinnity
|
0-0: Called Strike 0-1: Ground out 5-3 (Groundball, 56S)
|
Top of the 8th over - 0 run(s), 0 hit(s), 0 error(s), 0 left on base; Connetquot 1 - Idaho Falls 10 |
BOTTOM OF THE 8TH |
Idaho Falls Chukars batting - Pitching for Connetquot Chiefs : RHP Júlio González
|
Batting: SHB José López
|
0-0: Called Strike 0-1: Ball 1-1: Ball 2-1: Called Strike 2-2: Ground out U3 (Groundball, 3)
|
Batting: LHB Juan Rosado
|
0-0: SINGLE (Groundball, 4MD)
|
Batting: SHB Jesús Román
|
0-0: Called Strike 0-1: Called Strike 0-2: Ball 1-2: Strikes out swinging
|
Batting: SHB Félix Medina
|
0-0: Called Strike 0-1: Called Strike 0-2: Ball 1-2: Ball 2-2: Hit by Pitch Juan Rosado to second
|
Batting: RHB Scott Ramsey
|
0-0: Fly out, F6 (Flyball, 6MD)
|
Bottom of the 8th over - 0 run(s), 1 hit(s), 0 error(s), 2 left on base; Connetquot 1 - Idaho Falls 10 |
TOP OF THE 9TH |
Connetquot Chiefs batting - Pitching for Idaho Falls Chukars : LHP Jorge Mejía
|
Batting: LHB Denis Jerningham
|
0-0: Swinging Strike 0-1: Foul Ball, location: 2F 0-2: Strikes out swinging
|
Batting: RHB Cristián Ramírez
|
0-0: Ball 1-0: Ball 2-0: Foul Ball, location: 2F 2-1: Ball 3-1: Base on Balls
|
Batting: RHB Júlio Flores
|
0-0: Ball 1-0: Fly out, F9 (Flyball, 9S)
|
Pinch Hitting: LHB Roberto Valle
|
0-0: Called Strike 0-1: Fly out, F7 (Flyball, 7)
|
Top of the 9th over - 0 run(s), 0 hit(s), 0 error(s), 1 left on base; Connetquot 1 - Idaho Falls 10 |
|